 Dungeon Crawl Stone Soup version 0.27-a0-1590-g15f69828bf (webtiles) character file.

Game seed: 10984186881219485946

299052 miscthings the Bludgeoner (level 20, -6/131 HPs)
             Began as a Gargoyle Monk on July 18, 2021.
             Was a Follower of Uskayaw.
             Hit by a large rock thrown by a stone giant (43 damage)
             ... created by the fury of Okawaru
             ... on level 1 of the Vaults on July 19, 2021.
             The game lasted 01:28:36 (31922 turns).

miscthings the Bludgeoner (Gargoyle Monk)          Turns: 31922, Time: 01:28:37

Health: -6/131     AC: 35    Str: 24    XL:     20   Next: 98%
Magic:  29/29      EV: 22    Int: 20    God:    Uskayaw [*.....]
Gold:   1499       SH:  9    Dex: 15    Spells: 21/26 levels left

rFire    + . .     SeeInvis +   H - +9 eveningstar (holy)
rCold    + + +     Faith    .   N - +2 buckler
rNeg     + + .     Spirit   .   u - +4 skin of Zhor {*Englaciate rC+++ SInv}
rPois    ∞         Reflect  .   J - +2 helmet {Int+3}
rElec    +         Harm     .   Q - +0 cloak {Will+}
rCorr    .         Rampage  .   R - +2 pair of gloves {Str+3}
Will     +++..                  l - +2 pair of boots {Fly}
Stlth    ++........             c - amulet of regeneration
HPRegen  1.31/turn              V - ring "Apaoto" {rN+ EV+4 Int+4 Dex+2}
MPRegen  0.21/turn              D - ring "Ziqus" {Wiz Will+}

@: flying, studying 3 skills
A: sickness immunity, AC +15, big wings, negative energy resistance 1,
electricity resistance, torment resistance 1, petrification resistance, talons
1, fire resistance 1
}: 2/15 runes: decaying, gossamer
a: Renounce Religion, Stomp


You were on level 1 of the Vaults.
You worshipped Uskayaw.
Uskayaw was pleased with you.
You visited 8 branches of the dungeon, and saw 36 of its levels.
You also visited: Ice Cave and Desolation.

You collected 4720 gold pieces.
You spent 3221 gold pieces at shops.

Inventory:

Hand Weapons
 H - a +9 eveningstar of holy wrath (weapon)
Missiles
 z - 2 throwing nets (quivered)
Armour
 i - a scarf of invisibility
 l - a +2 pair of boots of flying (worn)
 u - the +4 skin of Zhor (worn) {*Englaciate rC+++ SInv}
   (You found it in an ice cave)

   It radiates cold, occasionally slowing all nearby creatures who are not
   resistant to cold.
   rC:        It renders you almost immune to cold.
   SInv:      It lets you see invisible.
 J - a +2 helmet of intelligence (worn)
 N - a +2 buckler (worn)
 Q - a +0 cloak of willpower (worn)
 R - a +2 pair of gloves of strength (worn)
 S - a +2 chain mail of willpower
 Z - the +15 plate armour of Fanaticism {Rampage Drain Fly rN++}
   (You found it in the Desolation of Salt)

   rN:        It greatly protects you from negative energy.
   Fly:       It grants you flight.
   Drain:     It drains your maximum health when unequipped.
   Rampage:   It bestows one free step when moving towards enemies.
Jewellery
 a - the ring of the Quahog {rN+ Str+5 Dex+6 Slay+2}
   (You found it in the Desolation of Salt)

   [ring of dexterity]

   Str:       It affects your strength (+5).
   Dex:       It affects your dexterity (+6).
   Slay:      It affects your accuracy & damage with ranged weapons and melee
   (+2).
   rN:        It protects you from negative energy.
 c - an amulet of regeneration (around neck)
 D - the ring "Ziqus" (right hand) {Wiz Will+}
   (You took it off an imperial myrmidon in the Desolation of Salt)

   [ring of wizardry]

   It improves your spell success rate.
   Will:      It increases your willpower.
 G - the ring of Declotig {rC+ rCorr}
   (You bought it in a shop on level 1 of the Orcish Mines)

   [ring of protection from cold]

   rC:        It protects you from cold.
   rCorr:     It protects you from acid and corrosion.
 I - the ring "Ysovum" {Fly rPois rC++ Int-2}
   (You found it on level 3 of the Elven Halls)

   [ring of flight]

   Int:       It affects your intelligence (-2).
   rC:        It greatly protects you from cold.
   rPois:     It protects you from poison.
   Fly:       It grants you flight.
 V - the ring "Apaoto" (left hand) {rN+ EV+4 Int+4 Dex+2}
   (You bought it in a shop on level 2 of the Orcish Mines)

   [ring of evasion]

   EV:        It affects your evasion (+4).
   Int:       It affects your intelligence (+4).
   Dex:       It affects your dexterity (+2).
   rN:        It protects you from negative energy.
 X - the amulet of Koofosch {Reflect Str+4 SH+5 Stlth+}
   (You found it on level 3 of the Elven Halls)

   [amulet of reflection]

   It reflects blocked missile attacks.
   Str:       It affects your strength (+4).
   SH:        It affects your SH (+5).
   Stlth:     It makes you more stealthy.
Wands
 d - a wand of paralysis (27)
 q - a wand of iceblast (9)
 v - a wand of acid (14)
 y - a wand of digging (3)
 A - a wand of mindburst (28)
Scrolls
 e - 3 scrolls of holy word
 g - 6 scrolls of magic mapping
 h - 7 scrolls of enchant armour
 k - 12 scrolls of teleportation
 o - 6 scrolls of immolation
 s - 3 scrolls of fog
 t - 2 scrolls of fear
 C - 5 scrolls of identify {@r1}
 K - 3 scrolls of vulnerability
 P - 2 scrolls of silence
 U - 3 scrolls of blinking
Potions
 b - 4 potions of heal wounds
 f - 3 potions of attraction
 j - 6 potions of brilliance
 m - 7 potions of mutation
 n - a potion of resistance
 r - 5 potions of invisibility
 w - 11 potions of curing
 x - 2 potions of lignification
 B - a potion of magic
 E - 5 potions of haste
 F - 5 potions of might
 M - 2 potions of berserk rage
 O - 5 potions of ambrosia
 W - 3 potions of cancellation
Miscellaneous
 p - a phantom mirror
 L - a condenser vane
 T - a tin of tremorstones (1/2)


   Skills:
 + Level 15.9 Fighting
 - Level 18.0 Maces & Flails
 - Level 6.0 Throwing
 + Level 15.1 Armour
 + Level 12.5 Dodging
 - Level 2.1 Stealth
 + Level 11.7 Shields
 + Level 3.9 Spellcasting
 + Level 4.6 Fire Magic
 + Level 12.1 Invocations
 - Level 12.0 Evocations


You had 21 spell levels left.
You knew the following spells:

 Your Spells              Type           Power      Damage    Failure   Level
a - Fireball              Conj/Fire      6%         3d5       45%         5

Your spell library contained the following spells:

 Spells                   Type           Power      Damage    Failure   Level
 Animate Skeleton         Necr           6%         N/A       5%          1
 Apportation              Tloc           6%         N/A       5%          1
 Corona                   Hex            3%         N/A       5%          1
 Freeze                   Ice            12%        1d4       5%          1
 Pain                     Necr           12%        1d4       5%          1
 Summon Small Mammal      Summ           12%        N/A       5%          1
 Inner Flame              Hex/Fire       13%        N/A       6%          3
 Ensorcelled Hibernation  Hex/Ice        6%         N/A       9%          2
 Poisonous Vapours        Pois/Air       6%         N/A       9%          2
 Ignite Poison            Fire/Tmut/Pois 10%        N/A       9%          3
 Call Canine Familiar     Summ           3%         N/A       16%         3
 Confusing Touch          Hex            3%         N/A       16%         3
 Frozen Ramparts          Ice            6%         1d2       16%         3
 Gell's Gravitas          Tloc           1%         N/A       16%         3
 Mephitic Cloud           Conj/Pois/Air  3%         N/A       16%         3
 Portal Projectile        Hex/Tloc       6%         N/A       16%         3
 Spider Form              Tmut/Pois      1%         N/A       16%         3
 Stone Arrow              Conj/Erth      6%         3d7       16%         3
 Teleport Other           Tloc           3%         N/A       16%         3
 Vampiric Draining        Necr           1%         2d6       16%         3
 Animate Dead             Necr           1%         N/A       45%         4
 Dispel Undead            Necr           3%         3d7       45%         4
 Fulminant Prism          Conj/Hex       1%         3d6       45%         4
 Hailstorm                Conj/Ice       3%         3d3       45%         4
 Iskenderun's Mystic Bla  Conj/Tloc      3%         2d3       45%         4
 Leda's Liquefaction      Hex/Erth       1%         N/A       45%         4
 Passage of Golubria      Tloc           N/A        N/A       45%         4
 Petrify                  Tmut/Erth      3%         N/A       45%         4
 Agony                    Necr           3%         N/A       78%         5
 Borgnjor's Vile Clutch   Necr/Erth      1%         N/A       78%         5
 Excruciating Wounds      Necr           1%         N/A       78%         5
 Freezing Cloud           Conj/Ice/Air   1%         6-21      78%         5
 Iskenderun's Battlesphe  Conj           3%         2d6       78%         5
 Lee's Rapid Deconstruct  Erth           1%         3d5*      78%         5
 Metabolic Englaciation   Hex/Ice        1%         N/A       78%         5
 Silence                  Hex/Air        1%         N/A       78%         5
 Summon Forest            Summ/Tloc      1%         N/A       78%         5
 Summon Mana Viper        Hex/Summ       3%         N/A       78%         5
 Conjure Ball Lightning   Conj/Air       1%         3x3d6     100%        6
 Death Channel            Necr           1%         N/A       100%        6
 Dispersal                Tloc           1%         N/A       100%        6
 Eringya's Noxious Bog    Tmut/Pois      1%         N/A       100%        6
 Invisibility             Hex            1%         N/A       100%        6
 Shadow Creatures         Summ           N/A        N/A       100%        6
 Simulacrum               Ice/Necr       1%         N/A       100%        6
 Monstrous Menagerie      Summ           1%         N/A       100%        7
 Orb of Destruction       Conj           1%         N/A       100%        7
 Discord                  Hex            1%         N/A       100%        8
 Lehudib's Crystal Spear  Conj/Erth      1%         10d2      100%        8
 Necromutation            Tmut/Necr      1%         N/A       100%        8
 Summon Horrible Things   Summ           1%         N/A       100%        8
 Polar Vortex             Ice            1%         N/A       100%        9
 Statue Form              Tmut/Erth      Unusable   N/A       N/A         6

Dungeon Overview and Level Annotations

Branches:
Dungeon (15/15)            Temple (1/1) D:5            Lair (6/6) D:8
  Swamp (4/4) Lair:4       Spider (4/4) Lair:4        Slime (0/5) Lair:5
    Orc (2/2) D:12            Elf (3/3) Orc:2        Vaults (1/5) D:14
 Depths (0/5) D:15          IceCv (visited)         Desolation (visited)

Altars:
Ashenzari
Cheibriados
Dithmenos
Elyvilon
Fedhas
Gozag
Hepliaklqana
Kikubaaqudgha
Makhleb
Nemelex Xobeh
Okawaru
Qazlal
Ru
Sif Muna
Trog
Uskayaw
Vehumet
Wu Jian
Xom
Yredelemnul
Zin
The Shining One
Beogh
Jiyva

Shops:
D:2 (   D:8 (   Orc:1 ==*=   Orc:2 *(=![   Elf:1 :   Vaults:1 :

Annotations:
Lair:5 1 runed translucent door
Elf:2 3 runed translucent doors


Innate Abilities, Weirdness & Mutations

You are immune to sickness and miasma.
Your stone body is resilient. (AC +15)
You are immune to poison.
Your large and strong wings let you fly.
You resist negative energy. (rN+)
You are resistant to electric shocks. (rElec)
You are resistant to unholy torment.
You are immune to petrification.
You have sharp toenails.
Your flesh is heat resistant. (rF+)


Message History

The stone giant misses you. The titan hits you!
The stone giant barely misses you.
You hit the titan but do no damage.
The titan is severely wounded.
The stone giant closely misses you.
You puncture the titan!
The titan is severely wounded.
The titan hits you!! The stone giant misses you.
You impale the titan!!
The titan is almost dead.
The stone giant misses you.
The titan waves its arms in wide circles.
The air twists around and strikes you!! The stone giant hits you.
You impale the titan!!
You kill the titan!
That felt strangely unrewarding.
The stone giant barely misses you. You block the stone giant's attack.
The deep elf master archer shoots an arrow.
The arrow hits you but does no damage.
You impale the stone giant!!
The stone giant is moderately wounded.
The stone giant closely misses you.
You impale the stone giant!!
The stone giant is severely wounded.
The stone giant misses you. The stone giant barely misses you.
You hit the stone giant.
The stone giant is severely wounded.
The stone giant misses you.
You hit the stone giant but do no damage.
The stone giant is severely wounded.
You block the stone giant's attack.
You hit the stone giant but do no damage.
The stone giant hits you! The stone giant completely misses you.
You puncture the stone giant!
The stone giant is lightly wounded.
The stone giant hits you!
* * * LOW HITPOINT WARNING * * *
The stone giant hits you but does no damage.
The stone giant throws a large rock.
The large rock hits you!!!
You die...

#............#.##..##.'
#..###..###..###....### #####
#..###..###.†#.....[..+
......#..##....##).#........#
......#.e..........###....###
......C............#.##..##.#
......#..##....##..#..'..'..#
..... #..###..###..'..#..#..#
.... #..###@.###..#..#.>#..#
### #..eC........#####+##'#
#..HC........# #.....
############## #..... #.....
#..... #..... #..... ######


You could see 2 stone giants, a minotaur and a deep elf master archer.

Vanquished Creatures
  Nikola (Spider:2)
  A tentacled monstrosity (Swamp:4)
  Jorgrun (D:12)
  5 titans (Vaults:1)
  4 deep elf blademasters
  2 deep elf master archers (Elf:3)
  Agnes (Elf:1)
  Gastronok (Lair:2)
  2 fenstrider witches (Swamp:2)
  4 deep elf sorcerers (Elf:3)
  3 frost giants
  A fire giant (Vaults:1)
  3 ghost moths (Spider:4)
  2 imperial myrmidons (Desolation)
  2 vault wardens (Vaults:1)
  A deep elf elementalist (Elf:3)
  6 emperor scorpions
  4 ironbound preservers (Vaults:1)
  2 angels (Vaults:1)
  Nessos (D:14)
  The ghost of gregwegmann the Fighter, a journeyman DsBe of Trog (Lair:4)
  4 deep elf demonologists (Elf:3)
  3 entropy weavers
  4 bunyips
  A spectral titan (D:15)
  2 halazid warlocks (Desolation)
  3 deep elf annihilators (Elf:3)
  A dire elephant (Vaults:1)
  3 eleionomae (Swamp:4)
  A merfolk javelineer (Vaults:1)
  3 deep elf death magi (Elf:3)
  A crystal guardian (Desolation)
  The ghost of Ujot the Carver, a journeyman DsGl of Okawaru (D:15)
  Josephine (D:14)
  2 deep elf high priests (Elf:3)
  7 ragged hierophants (Desolation)
  9 vault guards (Vaults:1)
  The ghost of Nausicaa the Cleaver, a journeyman MiBe of Trog (D:9)
  A yaktaur captain (D:14)
  2 ice dragons (D:15)
  2 ironbound frosthearts (Vaults:1)
  6 servants of whispers (Desolation)
  3 ghost crabs
  18 hydras
  7 boulder beetles
  12 peacekeepers (Desolation)
  2 catoblepae
  A naga warrior (Vaults:1)
  14 dancing weapons
  3 two-headed ogres
  3 alligators
  7 centaur warriors
  13 death yaks
  A tengu warrior (D:14)
  2 ironbound beastmasters (Vaults:1)
  Sonja (D:10)
  4 orc high priests
  16 spriggans
  9 deep elf knights
  9 skeletal warriors
  The ghost of pokeman the Thaumaturge, a novice DEWz of Vehumet (D:8)
  2 goliath frogs
  6 ironbound convokers
  3 spriggan druids
  14 swamp dragons
  6 deep elf archers
  A wizard (Elf:3)
  4 deep trolls (Vaults:1)
  9 orc knights
  3 lindwurms (Vaults:1)
  3 bog bodies
  16 deep elf zephyrmancers
  32 wolf spiders
  3 ugly things
  28 deep elf pyromancers
  5 orc sorcerers (Orc:2)
  An orb spider (shapeshifter) (D:15)
  10 orb spiders
  5 cyclopes
  4 moths of wrath
  4 manticores
  9 elephants
  A stone giant zombie (D:15)
  A will-o-the-wisp (Swamp:4)
  3 guardian serpents (Desolation)
  An elf zombie (D:15)
  9 black mambas
  An ice statue (IceCv)
  2 torpor snails
  2 vault sentinels (Vaults:1)
  2 molten gargoyles (Desolation)
  13 cane toads
  Maggie (D:8)
  A gargoyle (D:14)
  An unseen horror (shapeshifter) (Elf:3)
  Joseph (D:8)
  2 yaktaurs (D:14)
  Psyche (D:8)
  A kobold demonologist (D:7)
  A spriggan zombie (D:15)
  2 unseen horrors
  10 rime drakes
  10 komodo dragons
  2 efreet
  17 demonic crawlers
  A tengu conjurer (D:14)
  A wind drake (shapeshifter) (Elf:3)
  34 jumping spiders
  3 merfolk (Vaults:1)
  A bloated husk (Swamp:2)
  7 trolls
  17 hornets
  11 polar bears
  16 blink frogs
  A tengu simulacrum (D:15)
  Grinder (D:5)
  15 slime creatures
  4 tyrant leeches
  A hornet (shapeshifter) (D:13)
  63 saltlings (Desolation)
  A frost giant simulacrum (D:15)
  22 dream sheep
  3 air elementals
  19 tarantellas
  86 redbacks
  A water elemental (Elf:2)
  49 yaks
  3 wyverns
  A vampire (D:12)
  2 fire elementals
  7 wraiths
  2 steam dragons
  Grum (D:10)
  8 vampire mosquitoes
  18 swamp worms
  Menkaure (D:5)
  2 nagas (Vaults:1)
  4 wargs
  Edmund (D:4)
  5 large abominations (Elf:3)
  A naga (shapeshifter) (Elf:3)
  21 water moccasins
  7 swamp drakes
  6 black bears
  27 orc warriors
  2 fire dragon simulacra (D:15)
  A hornet zombie (D:7)
  A sky beast (D:7)
  An ice dragon simulacrum (D:15)
  5 ogres
  4 boggarts (Lair:6)
  30 wolves
  12 centaurs
  2 kobold brigands
  16 bullfrogs
  7 small abominations (Elf:3)
  A gnoll sergeant (D:10)
  A scorpion (D:6)
  4 earth elementals
  15 killer bees
  A wight (D:8)
  2 howler monkeys
  An electric eel (Spider:1)
  A bullfrog zombie (D:5)
  6 centaur zombies
  22 orc priests
  A gnoll shaman (D:6)
  2 hounds
  2 iguanas
  Ijyb (D:5)
  18 orc wizards
  A killer bee zombie (D:8)
  2 howler monkey zombies
  An adder (D:2)
  11 gnolls
  3 shadow imps
  13 white imps
  2 ufetubi
  2 worms (D:2)
  2 dart slugs
  52 orcs
  4 ball pythons
  3 bats
  6 endoplasms
  2 giant cockroaches (D:2)
  6 goblins
  7 hobgoblins
  9 jackals
  3 quokkas
  5 frilled lizards
  26 kobolds
  6 rats
1284 creatures vanquished.

Vanquished Creatures (collateral kills)
  the Lernaean hydra (Swamp:4)
  2 hydras (Swamp:4)
  A swamp dragon (Swamp:4)
4 creatures vanquished.

Vanquished Creatures (others)
  A minotaur (Vaults:1)
  A peacekeeper (Desolation)
  An alligator (Swamp:4)
  A deep elf knight (Elf:2)
  2 deep elf zephyrmancers (Elf:1)
  An orb spider (Spider:2)
  A demonic crawler (Spider:2)
  2 bloated husks
  A hornet (Spider:4)
  A saltling (Desolation)
  3 jumping spiders
  2 redbacks (Spider:4)
  2 yaks (D:10)
  A fire elemental (Elf:1)
  A floating eye (shapeshifter) (D:9)
  A centaur (D:10)
  A howler monkey (D:10)
  A centaur zombie (D:10)
  2 foxfires (Swamp:4)
  55 fungi
  73 plants
154 creatures vanquished.

Grand Total: 1442 creatures vanquished

Notes
Turn   | Place    | Note
-------+----------+-------------------------------------------
     0 | D:1      | miscthings the Gargoyle Monk began the quest for the Orb.
     0 | D:1      | Reached XP level 1. HP: 14/14 MP: 1/1
   131 | D:1      | Reached XP level 2. HP: 15/19 MP: 2/2
   562 | D:1      | Reached skill level 4 in Maces & Flails
   631 | D:1      | Reached XP level 3. HP: 23/23 MP: 3/3
  1221 | D:2      | Reached XP level 4. HP: 28/28 MP: 4/4
  1271 | D:2      | Noticed a black bear
  1334 | D:2      | Found Fauckef's Antique Weapon Emporium.
  1446 | D:3      | Found a shimmering blue altar of Sif Muna.
  1466 | D:3      | Found a glowing golden altar of the Shining One.
  1628 | D:3      | Reached skill level 5 in Maces & Flails
  1758 | D:3      | Reached XP level 5. HP: 21/32 MP: 5/5
  1830 | D:3      | You fall into a shaft and drop 3 floors!
  1894 | D:6      | Noticed an ogre
  1942 | D:6      | Killed an ogre
  1943 | D:6      | Reached skill level 6 in Maces & Flails
  1987 | D:6      | Reached XP level 6. HP: 37/37 MP: 6/6
  2009 | D:5      | Entered Level 5 of the Dungeon
  2070 | D:5      | Reached skill level 7 in Maces & Flails
  2080 | D:5      | Found a staircase to the Ecumenical Temple.
  2135 | Temple   | Entered the Ecumenical Temple
  2393 | D:5      | Noticed Ijyb
  2424 | D:5      | Killed Ijyb
  2578 | D:4      | Reached XP level 7. HP: 41/41 MP: 7/7
  2606 | D:4      | Found an iron altar of Okawaru.
  2622 | D:4      | Became a worshipper of Warmaster Okawaru
  2622 | D:4      | Reached * piety under Okawaru
  2622 | D:4      | Reached ** piety under Okawaru
  2965 | D:4      | Noticed Edmund
  2972 | D:4      | Killed Edmund
  2973 | D:4      | Reached skill level 8 in Maces & Flails
  3891 | D:2      | Bought a pitted mace for 160 gold pieces
  3891 | D:2      | Identified the +10 mace "Reng" {protect, Str+4 Stlth+} (You
                  | bought it in a shop on level 2 of the Dungeon)
  3973 | D:5      | Identified the +4 ring mail of Complete Protection {rF+}
  4089 | D:5      | Noticed Menkaure
  4093 | D:5      | Noticed Grinder
  4097 | D:5      | Killed Menkaure
  4098 | D:5      | Reached skill level 9 in Maces & Flails
  4098 | D:5      | Reached XP level 8. HP: 39/46 MP: 8/8
  4102 | D:5      | Killed Grinder
  4256 | D:6      | Reached skill level 10 in Maces & Flails
  4314 | D:6      | Found a bloodstained altar of Trog.
  4995 | D:7      | Reached skill level 11 in Maces & Flails
  5019 | D:7      | Reached *** piety under Okawaru
  5057 | D:7      | Found an ornate altar of the Wu Jian Council.
  5070 | D:7      | Reached XP level 9. HP: 51/51 MP: 9/9
  5333 | D:7      | Noticed a kobold demonologist
  5345 | D:7      | Noticed a rust devil
  5350 | D:7      | Noticed an orange demon
  5351 | D:7      | Noticed a smoke demon
  5351 | D:7      | Killed a kobold demonologist
  5352 | D:7      | Reached skill level 12 in Maces & Flails
  5663 | D:8      | Reached **** piety under Okawaru
  5678 | D:8      | Noticed a komodo dragon
  5693 | D:8      | Killed a komodo dragon
  5701 | D:8      | Reached skill level 13 in Maces & Flails
  5706 | D:8      | Found a staircase to the Lair.
  5726 | D:8      | Found a runed translucent gate.
  5727 | D:8      | Found a runed translucent gate.
  5728 | D:8      | Found a runed translucent gate.
  5729 | D:8      | Noticed a ten-headed hydra
  5729 | D:8      | Noticed a nine-headed hydra
  5729 | D:8      | Noticed pokeman's ghost (novice DEWz)
  5742 | D:8      | Noticed Maggie
  5749 | D:8      | Killed Maggie
  5749 | D:8      | Reached ***** piety under Okawaru
  5750 | D:8      | Reached XP level 10. HP: 49/56 MP: 10/10
  5858 | D:8      | Noticed Joseph
  5872 | D:8      | Killed Joseph
  5873 | D:8      | Reached skill level 14 in Maces & Flails
  6050 | D:8      | Noticed Psyche
  6064 | D:8      | Killed Psyche
  6065 | D:8      | Reached skill level 1 in Armour
  6065 | D:8      | Reached skill level 1 in Invocations
  6087 | D:8      | Found Taju's Weapon Emporium.
  6094 | D:8      | Reached skill level 1 in Evocations
  6190 | Lair:1   | Entered Level 1 of the Lair of Beasts
  6338 | Lair:1   | Noticed a cane toad
  6348 | Lair:1   | Killed a cane toad
  6348 | Lair:1   | Received a gift from Okawaru
  6544 | Lair:1   | Noticed a cane toad
  6555 | Lair:1   | Killed a cane toad
  6556 | Lair:1   | Reached skill level 5 in Fighting
  6876 | Lair:1   | Reached XP level 11. HP: 63/63 MP: 13/13
  7513 | Lair:2   | Noticed Gastronok
  7533 | Lair:2   | Killed Gastronok
  7534 | Lair:2   | Reached skill level 5 in Armour
  7534 | Lair:2   | Reached skill level 5 in Invocations
  8014 | Lair:3   | Identified the +9 executioner's axe "Vavodder" {vorpal,
                  | Will++ Str+6 Int+3} (Okawaru gifted it to you on level 3 of
                  | the Lair of Beasts)
  8014 | Lair:3   | Received a gift from Okawaru
  8061 | Lair:2   | Reached skill level 5 in Dodging
  8205 | Lair:3   | Reached XP level 12. HP: 18/72 MP: 16/16
  8280 | Lair:3   | Reached skill level 5 in Evocations
  8291 | Lair:3   | Received a gift from Okawaru
  8336 | Lair:3   | Reached ****** piety under Okawaru
  8398 | Lair:3   | Noticed a boulder beetle
  8431 | Lair:3   | Killed a boulder beetle
  8978 | Lair:3   | Identified the +6 mace of Okawaru's Benevolence {venom,
                  | rPois Str-5 Dex+4}
  9148 | Lair:4   | Noticed a boulder beetle
  9185 | Lair:4   | Identified the +5 executioner's axe of an ossuary {pain,
                  | *Noise *Slow rElec Will++} (Okawaru gifted it to you on
                  | level 4 of the Lair of Beasts)
  9185 | Lair:4   | Received a gift from Okawaru
  9193 | Lair:4   | Killed a boulder beetle
  9467 | Lair:4   | Found a hole to the Spider Nest.
  9545 | Lair:4   | Found a runed translucent door.
  9546 | Lair:4   | Noticed gregwegmann's ghost (journeyman DsBe)
  9546 | Lair:4   | Noticed a death yak
  9939 | Lair:4   | Received a gift from Okawaru
 10159 | Lair:4   | Noticed a five-headed hydra
 10174 | Lair:4   | Killed a five-headed hydra
 10182 | Lair:4   | Noticed a five-headed hydra
 10199 | Lair:4   | Killed a five-headed hydra
 10200 | Lair:4   | Reached XP level 13. HP: 55/79 MP: 18/18
 10227 | Lair:4   | Found a staircase to the Swamp.
 10412 | Lair:4   | Killed gregwegmann's ghost
 10480 | Lair:5   | Found a runed translucent door.
 10489 | Lair:5   | Found a viscous altar of Jiyva.
 11030 | Lair:5   | Found a staircase to the Slime Pits.
 11149 | Lair:5   | Identified the +0 leather armour of the Comet {rPois Str-2
                  | Int+7}
 11160 | Lair:6   | Entered Level 6 of the Lair of Beasts
 11366 | Lair:6   | Received a gift from Okawaru
 11367 | Lair:6   | Reached skill level 1 in Throwing
 11817 | Lair:6   | Reached skill level 10 in Fighting
 11827 | Lair:6   | Gained mutation: Your large and strong wings let you fly.
                  | [Gargoyle growth]
 11827 | Lair:6   | Reached XP level 14. HP: 85/88 MP: 21/21
 11920 | Lair:6   | Received a gift from Okawaru
 12023 | Lair:6   | Gained mutation: You are frail. (-10% HP) [potion of
                  | mutation]
 12023 | Lair:6   | Gained mutation: Your magical capacity is low. (-10% MP)
                  | [potion of mutation]
 12023 | Lair:6   | Gained mutation: Your flesh is heat resistant. (rF+)
                  | [potion of mutation]
 12024 | Lair:6   | Lost mutation: You are frail. (-10% HP) [potion of
                  | mutation]
 12024 | Lair:6   | Lost mutation: Your magical capacity is low. (-10% MP)
                  | [potion of mutation]
 12024 | Lair:6   | Gained mutation: You have sharp toenails. [potion of
                  | mutation]
 12553 | Lair:6   | Reached skill level 1 in Shields
 12677 | Lair:6   | Reached skill level 10 in Armour
 13070 | D:8      | Killed pokeman's ghost
 13077 | D:8      | Reached skill level 10 in Invocations
 13228 | D:9      | Found an opulent altar of Gozag.
 13229 | D:9      | Found a runed translucent gate.
 13229 | D:9      | Found a runed translucent gate.
 13231 | D:9      | Found a runed translucent gate.
 13231 | D:9      | Noticed Nausicaa's ghost (journeyman MiBe)
 13419 | D:9      | Found a white marble altar of Elyvilon.
 13682 | D:9      | Killed Nausicaa's ghost
 13749 | D:10     | Entered Level 10 of the Dungeon
 13778 | D:10     | Received a gift from Okawaru
 13820 | D:10     | Noticed Grum
 13842 | D:10     | Killed Grum
 13937 | D:10     | Found a shimmering altar of Xom.
 13949 | D:10     | Noticed Sonja
 13960 | D:10     | Killed Sonja
 14055 | D:10     | Found a stormy altar of Qazlal.
 14931 | D:11     | Found an ornate altar of the Wu Jian Council.
 14955 | D:11     | Reached XP level 15. HP: 86/94 MP: 22/22
 15151 | D:12     | Noticed Jorgrun
 15339 | D:12     | Reached skill level 5 in Throwing
 15598 | D:12     | Found a staircase to the Orcish Mines.
 15654 | D:12     | You are sucked into a shaft and drop 1 floor!
 16087 | D:13     | Found a broken altar of Ashenzari.
 16223 | D:13     | Identified a scroll of acquirement
 16225 | D:13     | Acquired a +3 eveningstar of holy wrath
 16255 | D:12     | Killed Jorgrun
 16455 | Orc:1    | Entered Level 1 of the Orcish Mines
 16472 | Orc:1    | Found Iblol's Jewellery Shop.
 16631 | Orc:1    | Found Ydymp's Assorted Antiques.
 16638 | Orc:1    | Found Buax's Jewellery Shop.
 16658 | Orc:1    | Bought a pair of runed boots for 285 gold pieces
 16977 | Orc:1    | Identified the +6 hunting sling "Ytais" {venom, rPois
                  | Dex+3} (Okawaru gifted it to you on level 1 of the Orcish
                  | Mines)
 16977 | Orc:1    | Received a gift from Okawaru
 16987 | Orc:1    | Found Ywuoj's Jewellery Shop.
 16995 | Orc:1    | Bought the ring of Declotig {rC+ rCorr} for 564 gold pieces
 17173 | Orc:2    | Entered Level 2 of the Orcish Mines
 17408 | Orc:2    | Found a staircase to the Elven Halls.
 17547 | Orc:2    | Found Ducluth's Distillery.
 17618 | Orc:2    | Found Ojehefeu's Armour Shop.
 17630 | Orc:2    | Found a frozen archway.
 17677 | IceCv    | Entered an ice cave
 17930 | IceCv    | Noticed a frost giant
 17946 | IceCv    | Killed a frost giant
 17946 | IceCv    | Received a gift from Okawaru
 18147 | IceCv    | Found the +8 frozen axe "Frostbite" {freezing cloud, *Noise
                  | Fly rC+}
 18147 | IceCv    | Found the +4 skin of Zhor {*Englaciate rC+++ SInv}
 18453 | Orc:2    | Received a gift from Okawaru
 18459 | Orc:2    | Reached XP level 16. HP: 91/101 MP: 23/23
 18626 | Orc:2    | Found Offics's Jewellery Boutique.
 18628 | Orc:2    | Found Dojuho's Antique Weapon Boutique.
 18633 | Orc:2    | Bought a potion of berserk rage for 75 gold pieces
 18633 | Orc:2    | Bought 2 potions of might for 120 gold pieces
 18649 | Orc:2    | Found Metecw's Assorted Antiques.
 18694 | Orc:2    | Bought the ring "Apaoto" {rN+ EV+4 Int+4 Dex+2} for 897
                  | gold pieces
 18865 | D:14     | Reached skill level 5 in Shields
 18904 | D:14     | Found a gate to the Vaults.
 18914 | D:14     | Noticed Nessos
 18932 | D:14     | Killed Nessos
 18945 | D:14     | Reached skill level 10 in Evocations
 19030 | D:14     | Noticed Josephine
 19039 | D:14     | Killed Josephine
 19453 | D:15     | Entered Level 15 of the Dungeon
 19597 | D:15     | Identified the +1 robe of Fortification {Dex+3 Slay+3}
 19994 | D:15     | Found a staircase to the Depths.
 20048 | D:15     | Identified the +9 arbalest of Eternal Harmony {freeze, Fly
                  | Will- Str+6 Stlth+} (Okawaru gifted it to you on level 15
                  | of the Dungeon)
 20048 | D:15     | Received a gift from Okawaru
 20192 | D:15     | Found a runed translucent gate.
 20192 | D:15     | Found a runed translucent gate.
 20192 | D:15     | Found a runed translucent gate.
 20193 | D:15     | Noticed Ujot's ghost (journeyman DsGl)
 20461 | D:15     | Killed Ujot's ghost
 20462 | D:15     | Reached skill level 10 in Dodging
 20750 | Spider:1 | Entered Level 1 of the Spider Nest
 21457 | Spider:2 | Received a gift from Okawaru
 21476 | Spider:2 | Reached skill level 15 in Maces & Flails
 21476 | Spider:2 | Reached XP level 17. HP: 103/108 MP: 24/24
 21632 | Spider:2 | Identified the +4 scale mail "Hawn" {MP+9 Stlth+} (Okawaru
                  | gifted it to you on level 2 of the Spider Nest)
 21632 | Spider:2 | Received a gift from Okawaru
 21817 | Spider:2 | Acquired 670 gold pieces
 22070 | Spider:2 | Noticed Nikola
 22107 | Spider:2 | Killed Nikola
 22395 | Spider:3 | Reached skill level 16 in Maces & Flails
 22854 | Spider:3 | Received a gift from Okawaru
 23009 | Spider:4 | Entered Level 4 of the Spider Nest
 23154 | Spider:4 | Reached skill level 17 in Maces & Flails
 23753 | Spider:4 | Received a gift from Okawaru
 23789 | Spider:4 | Reached XP level 18. HP: 114/114 MP: 19/25
 23846 | Spider:4 | Got a gossamer rune of Zot
 24112 | Swamp:1  | Entered Level 1 of the Swamp
 24470 | Swamp:2  | Received a gift from Okawaru
 25282 | Swamp:3  | Got the Grimoire of Poisoning and Hexes
 25571 | Swamp:4  | Entered Level 4 of the Swamp
 25717 | Swamp:4  | Received a gift from Okawaru
 25910 | Swamp:4  | Received a gift from Okawaru
 25935 | Swamp:4  | Noticed the 27-headed Lernaean hydra
 25938 | Swamp:4  | Killed the 27-headed Lernaean hydra
 25939 | Swamp:4  | Noticed a tentacled monstrosity
 25945 | Swamp:4  | Identified the +2 leather armour of Grace {Int+9}
 25957 | Swamp:4  | Killed a tentacled monstrosity
 26117 | Swamp:4  | Got a decaying rune of Zot
 26727 | Elf:1    | Entered Level 1 of the Elven Halls
 26746 | Elf:1    | Found a radiant altar of Vehumet.
 26853 | Elf:1    | Found a shimmering blue altar of Sif Muna.
 26883 | Elf:1    | Reached XP level 19. HP: 115/121 MP: 26/26
 26941 | Elf:1    | Found Tyekok's Book Boutique.
 26957 | Elf:1    | Learned a level 5 spell: Fireball
 27113 | Elf:1    | Noticed Agnes
 27127 | Elf:1    | Killed Agnes
 27127 | Elf:1    | Received a gift from Okawaru
 27240 | Elf:1    | Got the Grimoire of Illusion
 27731 | Elf:2    | Paralysed by an air elemental for 1 turns
 27827 | Elf:2    | Paralysed by an air elemental for 1 turns
 27996 | Elf:2    | Received a gift from Okawaru
 28005 | Elf:2    | Found a runed translucent gate.
 28010 | Elf:2    | Found a runed translucent gate.
 28011 | Elf:2    | Found a runed translucent gate.
 28053 | Elf:2    | Identified the +8 mace of Causality {holy, rC+}
 28235 | Elf:3    | Entered Level 3 of the Elven Halls
 28439 | Elf:3    | Reached skill level 10 in Shields
 28668 | Elf:3    | Noticed a Brimstone Fiend
 28677 | Elf:3    | Noticed an Ice Fiend
 28752 | Elf:3    | Identified the ring "Rouropp" {Fly rPois rC- Str+4 Dex+8}
 28755 | Elf:3    | Reached skill level 18 in Maces & Flails
 28786 | Elf:3    | Got the Grimoire of Ghastly Translocation
 28800 | Elf:3    | Identified the amulet of Koofosch {Reflect Str+4 SH+5
                  | Stlth+}
 28808 | Elf:3    | Identified the +1 leather armour of Serendipity {*Slow
                  | Dex+4}
 28900 | Elf:3    | Paralysed by an air elemental for 1 turns
 29036 | Elf:3    | Identified the +1 robe "Kaowes" {Dex+4}
 29041 | Elf:3    | Identified the +8 long sword of the Desolation of Salt
                  | {pain, Fly Int+4}
 29046 | Elf:3    | Identified the ring "Ysovum" {Fly rPois rC++ Int-2}
 29061 | Elf:3    | Got Veagrud's Guide on Unstable Stones
 29075 | Elf:3    | Identified the +10 flail of Uskayaw's Outrage {pain, +Blink
                  | Str+2}
 29086 | Elf:3    | Identified the +10 falchion of Blood {freeze, *Corrode rN+
                  | Dex+2}
 29210 | Elf:3    | Received a gift from Okawaru
 29272 | Elf:3    | Identified the +1 plate armour of Cumon {Int+3}
 29842 | Temple   | Fell from the grace of Okawaru
 29842 | Temple   | Became a worshipper of Uskayaw the Reveller
 30025 | Vaults:1 | Entered Level 1 of the Vaults
 30031 | Vaults:1 | Reached * piety under Uskayaw
 30041 | Vaults:1 | Found Giwuemnik's Book Emporium.
 30047 | Vaults:1 | Bought a manual of Fighting for 1120 gold pieces
 30072 | Vaults:1 | Found a glowing golden altar of the Shining One.
 30072 | Vaults:1 | Found a white marble altar of Elyvilon.
 30073 | Vaults:1 | Found a crumbling gateway.
 30074 | Vaults:1 | Found a glowing silver altar of Zin.
 30129 | Vaults:1 | Reached ** piety under Uskayaw
 30135 | Vaults:1 | Reached *** piety under Uskayaw
 30141 | Vaults:1 | Reached **** piety under Uskayaw
 30147 | Vaults:1 | Reached ***** piety under Uskayaw
 30155 | Vaults:1 | Reached XP level 20. HP: 113/128 MP: 28/28
 30164 | Vaults:1 | Reached ****** piety under Uskayaw
 30167 | Vaults:1 | Reached skill level 1 in Fire Magic
 30209 | Vaults:1 | Reached skill level 1 in Spellcasting
 30370 | Desolati | Entered the Desolation of Salt
 30444 | Desolati | Reached skill level 15 in Fighting
 30496 | Desolati | Identified the +15 plate armour of Fanaticism {Rampage
                  | Drain Fly rN++}
 30510 | Desolati | Got the Disquisition on Envenoming
 30519 | Desolati | Identified the ring "Ziqus" {Wiz Will+}
 31075 | Desolati | Identified the ring of the Quahog {rN+ Str+5 Dex+6 Slay+2}
 31078 | Desolati | Identified the amulet of Immorality {Acrobat Harm rElec
                  | rN+++ Dex-2}
 31091 | Desolati | Identified the ring of Kuomoeth {Will+ rCorr Str-4 Dex+3
                  | Stlth+}
 31096 | Desolati | Identified the ring "Xaefom" {rC+ Will++ MP+9 Dex+3 Stlth-}
 31180 | Desolati | Got the Incunabulum of Curses
 31194 | Desolati | Identified the ring "Mukaceuc" {Will+ Int+3}
 31347 | Vaults:1 | Reached skill level 15 in Armour
 31608 | Vaults:1 | Identified the +8 hand axe "Bushrye" {vamp, rF+ rC+ rCorr
                  | Int+2}
 31922 | Vaults:1 | Hit by a large rock thrown by a stone giant

Illustrated notes

Levels and vault maps discovered:
D:1:      shiori_arrival_elements, layout_loops_ring, kennysheep_small_spiral
D:2:      layout_basic, serial_shops, nicolae_shop_behind_doors,
          minmay_misc_feat_tiny, kennysheep_potato
D:3:      layout_basic, grunt_temple_overflow_open
D:4:      layout_basic, kennysheep_okawaru_gauntlet, uniq_edmund
D:5:      layout_loops_ring, temple_hall, uniq_menkaure, uniq_grinder, uniq_ijyb
D:6:      layout_loops_ring, mainiacjoe_overflow_chevrons
D:7:      layout_loops_ring, mainiacjoe_overflow_alcove_1
D:8:      layout_loops_ring, due_lair_maze_entry_diamond,
          gammafunk_ghost_hydra_chop, kennysheep_small_square, uniq_psyche,
          uniq_joseph, uniq_maggie
D:9:      layout_roguey, mainiacjoe_overflow_small_starburst,
          ebering_ghost_gozag, minmay_unpleasant_kobolds
D:10:     layout_rooms, grunt_qazlal_sundering, xom_confusion_cloud,
          minmay_liquid_box, uniq_grum, uniq_sonja
D:11:     layout_roguey, nzn_wu_jian_contemplation
D:12:     layout_basic, david_orc_1_choice, serial_glass, glass_columns_b,
          glass_columns_b, glass_columns_c, glass_columns_a, glass_columns_a,
          glass_columns_a, nicolae_lava_and_water, uniq_jorgrun
D:13:     layout_cross, minivault_23, nicolae_ashenzari_skybound
D:14:     layout_long_grid, david_vaults_2, minmay_misc_feat_more_columns,
          uniq_josephine, uniq_nessos
D:15:     grunt_enter_depths_hoard, layout_basic, gammafunk_ghost_necromancy,
          minmay_misc_feat_tower
Temple:   jpeg_temple_clearing
Lair:1:   layout_cave_pods
Lair:2:   layout_regular_city, uniq_gastronok
Lair:3:   layout_regular_city, minivault_19
Lair:4:   layout_cave_pods, palyth_hydra_swamp_entry, spider_nest_entry_rubble,
          ebering_ghost_inner_flame
Lair:5:   beast_lair_carwin_large_2, layout_loops_ring, slime_altar_2
Lair:6:   minmay_lair_end_enchanted_forest, layout_regular_city
Swamp:1:  layout_basic_swamp, evilmike_swamp_ruin_house_6, uniq_louise
Swamp:2:  layout_basic_swamp, hangedman_swamp_ruin_wall
Swamp:3:  layout_falls_marsh, hangedman_swamp_cone, nicolae_swamp_little_tower,
          infiniplex_staircase_pool
Swamp:4:  swamp_old_school, layout_basic_swamp, infiniplex_staircase_pool_2
Spider:1: layout_spider_delve
Spider:2: layout_spider_delve, uniq_nikola
Spider:3: layout_spider_delve, hangedman_spider_tarantella_strand
Spider:4: grunt_spider_rune_parallel
Orc:1:    layout_caves, serial_shops, nicolae_shop_statue_plus,
          nicolae_square_shop, shop_statue, shop_statue, basic_altar,
          nicolae_orc_lava_tube
Orc:2:    st_orc_elflike, layout_caves, portal_ice_cave_entry_imps,
          serial_shops, shop_fountains
Elf:1:    eino_elf_arrival_altar, layout_geoelf_octagon, serial_shops, shop,
          basic_altar, minmay_elf_demonology, uniq_agnes
Elf:2:    nicolae_elf_blades_crystal_corner, layout_loops_ring,
          minmay_misc_feat_cross, uniq_saint_roka
Elf:3:    elf_hall_gauntlet_wide, layout_loops_ring, laboratory
Vaults:1: nicolae_vaults_meeting, vaults_room_octagon, nicolae_vaults_alarming,
          v_misc_27, v_misc_4, vaults_room_grunt_arrival_checkpoint,
          hangedman_vaults_capsules, vaults_room_semicircle,
          hangedman_vaults_impose, v_alt_pattern_1, grunt_vaults_twisty,
          v_misc_16, layout_vaults_omnibox, serial_shops, shop_fountains,
          portal_desolation_entry_holy_temple

Skill      XL: |  1  2  3  4  5  6  7  8  9 10 11 12 13 14 15 16 17 18 19 20 |
---------------+-------------------------------------------------------------+-----
Maces & Flails | 4 5 6 7 9 11 13 14 15 17 18 | 18.0
Armour         | 3 6 7 9 10 11 12 13 14 15 | 15.1
Invocations    | 3 6 7 9 10 11 12 | 12.1
Evocations     | 3 4 6 7 8 9 10 11 12 | 12.0
Fighting       | 5 7 8 10 11 12 13 14 15 | 15.9
Dodging        | 3 5 6 7 8 9 10 11 12 | 12.5
Throwing       | 2 4 6 |  6.0
Shields        | 4 7 9 10 11 | 11.7
Fire Magic     | 4 |  4.6
Spellcasting   | 3 |  3.9
Stealth        | |  2.1

Action                   |  1- 3 |  4- 6 |  7- 9 | 10-12 | 13-15 | 16-18 | 19-21 || total
-------------------------+-------+-------+-------+-------+-------+-------+-------++-------
Melee: Mace              |   112 |    76 |   150 |   583 |  1961 |   932 |       ||  3814
       Whip              |       |    48 |    43 |       |       |       |       ||    91
       Punch             |       |       |       |       |     3 |       |       ||     3
       Eveningstar       |       |       |       |       |       |  1179 |  1112 ||  2291
Throw: Boomerang         |       |       |       |     1 |       |       |       ||     1
       Dart              |       |       |       |       |     1 |       |       ||     1
Invok: Heroism           |       |       |       |       |     2 |     4 |     1 ||     7
       Finesse           |       |       |       |       |     1 |     1 |     1 ||     3
       Line Pass         |       |       |       |       |       |       |     2 ||     2
       Grand Finale      |       |       |       |       |       |       |     2 ||     2
Evoke: Wand              |       |     1 |     2 |    10 |     8 |    25 |    13 ||    59
       Lightning rod     |       |       |       |       |    10 |    12 |     9 ||    31
       Phantom mirror    |       |       |       |       |       |     1 |       ||     1
       Condenser vane    |       |       |       |       |       |       |     2 ||     2
       Tin of tremorston |       |       |       |       |       |       |     4 ||     4
  Use: Scroll            |       |     8 |     2 |     5 |    25 |     6 |     3 ||    49
       Potion            |       |       |       |       |     2 |     1 |     4 ||     7
 Stab: Sleeping          |     8 |     4 |     1 |     3 |     2 |     3 |     4 ||    25
       Distracted        |       |     1 |     1 |       |     1 |     1 |       ||     4
       Paralysed         |       |       |       |       |     7 |     4 |    80 ||    91
Armor: Robe              |    45 |    58 |       |       |       |       |       ||   103
       Ring mail         |       |       |   102 |   327 |   562 |       |       ||   991
       Chain mail        |       |       |     7 |       |   560 |       |       ||   567
       Animal skin       |       |       |       |       |    11 |  1107 |   391 ||  1509
Dodge: Dodged            |    83 |   133 |   100 |   289 |   976 |  2055 |   672 ||  4308
Block: Buckler           |       |       |       |       |   245 |   715 |   336 ||  1296

Table legend: (Time is in decaauts)
 A = Elapsed time spent in this place.
 B = Non-inter-level travel time spent in this place.
 C = Inter-level travel time spent in this place.
 D = Time resting spent in this place.
 E = Time spent auto-exploring this place.
 F = Levels seen in this place.
 G = Mean time per level.
                   A        B        C        D        E       F      G
               +--------+--------+--------+--------+--------+-----+--------+
         Total |  30185 |  27247 |   2938 |    698 |  17014 |  38 |  794.3 |
       Dungeon |  11501 |  10114 |   1387 |    206 |   7102 |  15 |  766.7 |
        Temple |    162 |    107 |     55 |      0 |     93 |   1 |  162.0 |
          Lair |   6771 |   6037 |    734 |    130 |   4136 |   6 | 1128.5 |
         Swamp |   2181 |   2021 |    160 |      5 |   1336 |   4 |  545.2 |
   Spider Nest |   2933 |   2733 |    200 |     85 |   1256 |   4 |  733.2 |
  Orcish Mines |   1769 |   1520 |    249 |      0 |    861 |   2 |  884.5 |
   Elven Halls |   2673 |   2522 |    151 |    115 |   1379 |   3 |  891.0 |
        Vaults |    922 |    922 |      0 |    157 |    384 |   1 |  922.0 |
      Ice Cave |    480 |    480 |      0 |      0 |    182 |   1 |  480.0 |
    Desolation |    789 |    789 |      0 |      0 |    284 |   1 |  789.0 |
               +--------+--------+--------+--------+--------+-----+--------+

Top non-repeatable levels by time:
  Lair:6: 1512 daAuts
  Lair:4: 1439 daAuts
   Elf:3: 1190 daAuts
  Lair:3: 1113 daAuts
   Orc:2: 1060 daAuts
  Lair:1: 1058 daAuts
     D:1: 1050 daAuts
    D:15: 998 daAuts
Spider:2: 980 daAuts
  Lair:2: 963 daAuts
Vaults:1: 922 daAuts
    D:12: 901 daAuts
   Elf:1: 890 daAuts
Spider:4: 837 daAuts
     D:6: 809 daAuts
